3AAA
LÉVIS ROCKS @ RAPPAHANNOCK PARTISANS
06/18/2018
 
TOP OF THE 1ST
Lévis Rocks batting - Pitching for Rappahannock Partisans : RHP Jim Unknown
Pitching: RHP Jim Unknown
Batting: LHB Edward Carlson 0-0: Ball
1-0: Bunt for hit - play at first, batter OUT! 2-4
Batting: RHB Raúl Valadez 0-0: Called Strike
0-1: SINGLE (Groundball, 6)
Batting: RHB Dan Holliday 0-0: Swinging Strike
0-1: Swinging Strike
0-2: Ball
1-2: Strikes out looking
Batting: RHB Pedro Mendoza 0-0: Ball
1-0: SINGLE (Flyball, 78S)
Raúl Valadez to second
Batting: RHB Jim Unknown 0-0: Swinging Strike
0-1: Ball
1-1: Ball
2-1: Ball
3-1: Called Strike
3-2: Foul Ball, location: 2F
3-2: Base on Balls
Raúl Valadez to third
Pedro Mendoza to second
Batting: SHB Bartolo Fernández 0-0: Ball
1-0: Called Strike
1-1: Foul Ball, location: 2F
1-2: Ball
2-2: Foul Ball, location: 2F
2-2: Strikes out swinging
Top of the 1st over - 0 run(s), 2 hit(s), 0 error(s), 3 left on base; Lévis 0 - Rappahannock 0
BOTTOM OF THE 1ST
Rappahannock Partisans batting - Pitching for Lévis Rocks : RHP Andrés Martínez
Pitching: RHP Andrés Martínez
Batting: RHB Bill Taylor 0-0: Fly out, F8 (Line Drive, 8RM)
Batting: LHB Alfonso López 0-0: Ball
1-0: Ball
2-0: Ball
3-0: Called Strike
3-1: Foul Ball, location: 2F
3-2: SINGLE (Groundball, 6MD)
Batting: RHB Eduardo Manuel 0-0: Swinging Strike
0-1: Ball
1-1: Foul Ball, location: 2F
1-2: Foul Ball, location: 2F
1-2: Fly out, F5 (Line Drive, 5L)
1-2: Fly out, F5 (Line Drive, 5L)
Batting: RHB José Mata 0-0: Swinging Strike
0-1: SINGLE (Groundball, 6M)
Alfonso López to second
Runner from 2nd tries for 3rd, SAFE, no throw or cutoff
Batting: RHB Matt Sheppard 0-0: Called Strike
0-1: Ball
1-1: Foul Ball, location: 2F
1-2: Fly out, F3 (Popup, 34S)
Bottom of the 1st over - 0 run(s), 2 hit(s), 0 error(s), 2 left on base; Lévis 0 - Rappahannock 0
TOP OF THE 2ND
Lévis Rocks batting - Pitching for Rappahannock Partisans : RHP Jim Unknown
Batting: RHB Melvin Hunter 0-0: Foul Ball, location: 2F
0-1: Fly out, F5 (Popup, 5F)
Batting: RHB Nectanebos Dolenian 0-0: Foul Ball, location: 2F
0-1: Ball
1-1: Ground out 5-3 (Groundball, 5S)
Batting: RHB Jimmy Allen 0-0: SINGLE (Line Drive, 9LS)
Batting: LHB Edward Carlson 0-0: Called Strike
0-1: Ball
1-1: Ball
2-1: Swinging Strike
2-2: Ball
3-2: Foul Ball, location: 2F
3-2: Foul Ball, location: 2F
3-2: Base on Balls
Jimmy Allen to second
Batting: RHB Raúl Valadez 0-0: Reached on Error, E9 (Line Drive, 89S)
Jimmy Allen scores
Edward Carlson to third
Batting: RHB Dan Holliday 0-0: SINGLE (Flyball, 8RS)
Edward Carlson scores
Raúl Valadez to third
Runner from 3rd tries for Home, SAFE, throw made home
Dan Holliday to second
Batting: RHB Pedro Mendoza 0-0: Called Strike
0-1: Ball
1-1: Ground out 5-3 (Groundball, 56)
Top of the 2nd over - 3 run(s), 2 hit(s), 1 error(s), 1 left on base; Lévis 3 - Rappahannock 0
BOTTOM OF THE 2ND
Rappahannock Partisans batting - Pitching for Lévis Rocks : RHP Andrés Martínez
Batting: RHB Colby Turner 0-0: Ball
1-0: Fly out, F8 (Flyball, 89M)
Batting: LHB Marvin von Seydlitz 0-0: Ball
1-0: Ball
2-0: Fly out, F6 (Popup, 56)
Batting: LHB Miguel Mendoza 0-0: Ground out 4-3 (Groundball, 4M)
Bottom of the 2nd over - 0 run(s), 0 hit(s), 0 error(s), 0 left on base; Lévis 3 - Rappahannock 0
TOP OF THE 3RD
Lévis Rocks batting - Pitching for Rappahannock Partisans : RHP Jim Unknown
Batting: RHB Jim Unknown 0-0: Called Strike
0-1: Ball
1-1: Ball
2-1: Fly out, F8 (Flyball, 8RD)
Batting: SHB Bartolo Fernández 0-0: Called Strike
0-1: Swinging Strike
0-2: Foul Ball, location: 2F
0-2: Strikes out looking
Batting: RHB Melvin Hunter 0-0: Called Strike
0-1: Foul Ball, location: 2F
0-2: Ball
1-2: Ball
2-2: Foul Ball, location: 2F
2-2: Foul Ball, location: 2F
2-2: Fly out, F8 (Flyball, 8RS)
Top of the 3rd over - 0 run(s), 0 hit(s), 0 error(s), 0 left on base; Lévis 3 - Rappahannock 0
BOTTOM OF THE 3RD
Rappahannock Partisans batting - Pitching for Lévis Rocks : RHP Andrés Martínez
Batting: RHB Ángel Ruezga 0-0: Ball
1-0: Swinging Strike
1-1: Ball
2-1: Ground out 5-3 (Groundball, 56S)
Batting: RHB Bill Taylor 0-0: Foul Ball, location: 2F
0-1: Reached on error, E6 (Groundball, 6)
Batting: LHB Alfonso López 0-0: Ball
1-0: SINGLE (Line Drive, 7S)
Bill Taylor to second
Batting: RHB Eduardo Manuel 0-0: Ball
1-0: Ball
2-0: Ball
3-0: Called Strike
3-1: Grounds into double play, 6-4-3 (Groundball, 6M)
Bottom of the 3rd over - 0 run(s), 1 hit(s), 1 error(s), 1 left on base; Lévis 3 - Rappahannock 0
TOP OF THE 4TH
Lévis Rocks batting - Pitching for Rappahannock Partisans : RHP Jim Unknown
Batting: RHB Nectanebos Dolenian 0-0: Ball
1-0: Swinging Strike
1-1: Swinging Strike
1-2: Ball
2-2: Ball
3-2: Foul Ball, location: 2F
3-2: Strikes out swinging
Batting: RHB Jimmy Allen 0-0: Ground out 1-3 (Groundball, 15)
Batting: LHB Edward Carlson 0-0: Ball
1-0: Ball
2-0: Foul Ball, location: 2F
2-1: Ball
3-1: Called Strike
3-2: Base on Balls
Batting: RHB Raúl Valadez 0-0: Ball
1-0: Called Strike
1-1: Swinging Strike
1-2: Fly out, F7 (Flyball, 78M)
Top of the 4th over - 0 run(s), 0 hit(s), 0 error(s), 1 left on base; Lévis 3 - Rappahannock 0
BOTTOM OF THE 4TH
Rappahannock Partisans batting - Pitching for Lévis Rocks : RHP Andrés Martínez
Batting: RHB José Mata 0-0: Ball
1-0: SINGLE (Line Drive, 4MD)
Batting: RHB Matt Sheppard 0-0: 2-RUN HOME RUN (Flyball, 78XD), Distance : 412 ft
Batting: RHB Colby Turner 0-0: Fly out, F6 (Popup, 6)
Batting: LHB Marvin von Seydlitz 0-0: Foul Ball, location: 2F
0-1: Ball
1-1: Called Strike
1-2: Ball
2-2: Fly out, F9 (Flyball, 9LSF)
Batting: LHB Miguel Mendoza 0-0: Foul Ball, location: 2F
0-1: Foul Ball, location: 2F
0-2: Ball
1-2: Ball
2-2: Foul Ball, location: 2F
2-2: Ground out U3 (Groundball, 3L)
Bottom of the 4th over - 2 run(s), 2 hit(s), 0 error(s), 0 left on base; Lévis 3 - Rappahannock 2
TOP OF THE 5TH
Lévis Rocks batting - Pitching for Rappahannock Partisans : RHP Jim Unknown
Batting: RHB Dan Holliday 0-0: Ball
1-0: SINGLE (Groundball, 34D)
Batting: RHB Pedro Mendoza 0-0: Called Strike
0-1: Foul Ball, location: 2F
0-2: Ball
1-2: Ball
2-2: Ball
3-2: Strikes out swinging
Batting: RHB Jim Unknown 0-0: Ball
1-0: Fly out, F9 (Flyball, 89M)
Batting: SHB Bartolo Fernández 0-0: Called Strike
0-1: Ball
1-1: Foul Ball, location: 2F
1-2: Foul Ball, location: 2F
1-2: SINGLE (Line Drive, 34D)
Dan Holliday to second
Runner from 2nd tries for 3rd, SAFE, no throw or cutoff
Batting: RHB Melvin Hunter 0-0: Called Strike
0-1: Swinging Strike
0-2: Strikes out swinging
Top of the 5th over - 0 run(s), 2 hit(s), 0 error(s), 2 left on base; Lévis 3 - Rappahannock 2
BOTTOM OF THE 5TH
Rappahannock Partisans batting - Pitching for Lévis Rocks : RHP Andrés Martínez
Batting: RHB Ángel Ruezga 0-0: Ball
1-0: Ball
2-0: Ball
3-0: Base on Balls
Batting: RHB Bill Taylor 0-0: Ball
Wild Pitch!
Ángel Ruezga to second
1-0: Ball
2-0: Called Strike
2-1: Fly out, F8 (Line Drive, 8LS)
Batting: LHB Alfonso López 0-0: SINGLE (Groundball, 56D)
Ángel Ruezga to third
Runner from 3rd tries for Home, SAFE, no throw or cutoff
Batting: RHB Eduardo Manuel 0-0: Fly out, F5 (Line Drive, 5S)
Batting: RHB José Mata 0-0: Ball
1-0: Foul Ball, location: 2F
1-1: Swinging Strike
1-2: Ball
2-2: Strikes out looking
Bottom of the 5th over - 1 run(s), 1 hit(s), 0 error(s), 1 left on base; Lévis 3 - Rappahannock 3
TOP OF THE 6TH
Lévis Rocks batting - Pitching for Rappahannock Partisans : RHP Jim Unknown
Batting: RHB Nectanebos Dolenian 0-0: Swinging Strike
0-1: Ball
1-1: Called Strike
1-2: Ground out 6-3 (Groundball, 6)
Batting: RHB Jimmy Allen 0-0: Ball
1-0: Ground out 6-3 (Groundball, 6)
Batting: LHB Edward Carlson 0-0: Foul Ball, location: 2F
0-1: Swinging Strike
0-2: Strikes out looking
Top of the 6th over - 0 run(s), 0 hit(s), 0 error(s), 0 left on base; Lévis 3 - Rappahannock 3
BOTTOM OF THE 6TH
Rappahannock Partisans batting - Pitching for Lévis Rocks : RHP Andrés Martínez
Batting: RHB Matt Sheppard 0-0: Called Strike
0-1: Called Strike
0-2: Ball
1-2: Ground out 1-3 (Groundball, 13)
Batting: RHB Colby Turner 0-0: Ball
1-0: Foul Ball, location: 2F
1-1: Swinging Strike
1-2: SINGLE (Flyball, 9S)
Batting: LHB Marvin von Seydlitz 0-0: Called Strike
0-1: Foul Ball, location: 2F
0-2: Foul Ball, location: 2F
0-2: Ball
1-2: SINGLE (Line Drive, 4D)
Colby Turner to second
Batting: LHB Miguel Mendoza 0-0: Ball
1-0: Called Strike
1-1: Foul Ball, location: 2F
1-2: Fly out, F6 (Popup, 56)
Batting: RHB Ángel Ruezga 0-0: Foul Ball, location: 2F
0-1: Ball
1-1: Called Strike
1-2: Ball
2-2: SINGLE (Groundball, 4MD)
Colby Turner to third
Marvin von Seydlitz to second
Runner from 3rd tries for Home, SAFE, no throw or cutoff
Batting: RHB Bill Taylor 0-0: Ball
1-0: Ball
2-0: Foul Ball, location: 2F
2-1: Ground out 5-3 (Groundball, 5L)
Bottom of the 6th over - 1 run(s), 3 hit(s), 0 error(s), 2 left on base; Lévis 3 - Rappahannock 4
TOP OF THE 7TH
Lévis Rocks batting - Pitching for Rappahannock Partisans : RHP Jim Unknown
Batting: RHB Raúl Valadez 0-0: Ball
1-0: Ball
2-0: Ball
3-0: Called Strike
3-1: Foul Ball, location: 2F
3-2: Base on Balls
Pitching: LHP Monte Conner
Batting: RHB Dan Holliday 0-0: Swinging Strike
0-1: Ball
1-1: Foul Ball, location: 2F
1-2: Foul Ball, location: 2F
1-2: Foul Ball, location: 2F
1-2: Ball
2-2: Foul Ball, location: 2F
2-2: Ball
3-2: Ground out 6-3 (Groundball, 4M)
Raúl Valadez to second
Batting: RHB Pedro Mendoza 0-0: Called Strike
0-1: Ball
1-1: Swinging Strike
1-2: Ball
2-2: Ball
3-2: Ground out 4-3 (Groundball, 4)
Raúl Valadez to third
Batting: RHB Jim Unknown 0-0: Ball
1-0: Called Strike
1-1: Ball
2-1: Ball
3-1: Base on Balls
Batting: SHB Bartolo Fernández 0-0: Ball
1-0: Called Strike
1-1: Ground out 2-3 (Groundball, 2L)
Top of the 7th over - 0 run(s), 0 hit(s), 0 error(s), 2 left on base; Lévis 3 - Rappahannock 4
BOTTOM OF THE 7TH
Rappahannock Partisans batting - Pitching for Lévis Rocks : RHP Andrés Martínez
Batting: LHB Alfonso López 0-0: Called Strike
0-1: Ball
1-1: Called Strike
1-2: Foul Ball, location: 2F
1-2: SINGLE (Groundball, 4MD)
Batting: RHB Eduardo Manuel 0-0: Fly out, F5 (Line Drive, 56)
Batting: RHB José Mata 0-0: Called Strike
0-1: Ball
1-1: Foul Ball, location: 2F
1-2: DOUBLE (Groundball, 3L)
Alfonso López to third
Batting: RHB Matt Sheppard 0-0: Ball
1-0: Foul Ball, location: 2F
1-1: Reached on error, E5 (Groundball, 56)
Alfonso López scores
José Mata scores
Batting: RHB Colby Turner 0-0: Intentional Walk
Pitching: RHP Jim Unknown
Batting: LHB Marvin von Seydlitz 0-0: Called Strike
0-1: Foul Ball, location: 2F
0-2: Foul Ball, location: 2F
0-2: Foul Ball, location: 2F
0-2: Strikes out looking
Batting: LHB Miguel Mendoza 0-0: Ball
1-0: Ball
2-0: Called Strike
2-1: SINGLE (Line Drive, 3D)
Matt Sheppard to third
Colby Turner to second
Runner from 3rd tries for Home, SAFE, no throw or cutoff
Batting: RHB Ángel Ruezga 0-0: Swinging Strike
0-1: Foul Ball, location: 2F
0-2: Ball
1-2: Ball
2-2: Ground out 5-3 (Groundball, 5)
Bottom of the 7th over - 3 run(s), 3 hit(s), 1 error(s), 2 left on base; Lévis 3 - Rappahannock 7
TOP OF THE 8TH
Lévis Rocks batting - Pitching for Rappahannock Partisans : LHP Monte Conner
Batting: RHB Melvin Hunter 0-0: SOLO HOME RUN (Flyball, 9D), Distance : 345 ft
Batting: RHB Nectanebos Dolenian 0-0: Bunt missed!
0-1: Ball
1-1: Ball
2-1: Foul Ball, location: 2F
2-2: Foul Ball, location: 2F
2-2: Ball
3-2: Fly out, F6 (Popup, 6)
Batting: RHB Jimmy Allen 0-0: Ball
1-0: Ball
2-0: Ball
3-0: Called Strike
3-1: Swinging Strike
3-2: Foul Ball, location: 2F
3-2: Fly out, F8 (Flyball, 8LM)
Batting: LHB Edward Carlson 0-0: Swinging Strike
0-1: Ball
1-1: Ball
2-1: Foul Ball, location: 2F
2-2: Ground out 3-1 (Groundball, 34)
Top of the 8th over - 1 run(s), 1 hit(s), 0 error(s), 0 left on base; Lévis 4 - Rappahannock 7
BOTTOM OF THE 8TH
Rappahannock Partisans batting - Pitching for Lévis Rocks : RHP Jim Unknown
Batting: RHB Bill Taylor 0-0: Ball
1-0: Foul Ball, location: 2F
1-1: Foul Ball, location: 2F
1-2: SINGLE (Groundball, 6MD)
Batting: LHB Alfonso López 0-0: Ball
1-0: Ball
2-0: Ball
3-0: Called Strike
3-1: Base on Balls
Bill Taylor to second
Batting: RHB Eduardo Manuel 0-0: DOUBLE (Line Drive, 8LM)
Bill Taylor scores
Alfonso López to third
Batting: RHB José Mata 0-0: Swinging Strike
0-1: Ball
1-1: Ground out 5-3 (Groundball, 56S)
Alfonso López scores
Eduardo Manuel to third
Pitching: RHP Jim Unknown
Batting: RHB Matt Sheppard 0-0: Ball
1-0: DOUBLE (Groundball, 5L)
Eduardo Manuel scores
Batting: RHB Colby Turner 0-0: Called Strike
0-1: Ball
1-1: Foul Ball, location: 2F
1-2: Ball
2-2: TRIPLE (Flyball, 9D)
Matt Sheppard scores
Batting: LHB Marvin von Seydlitz 0-0: Called Strike
0-1: SINGLE (Groundball, 6MD)
Colby Turner scores
Batting: LHB Miguel Mendoza 0-0: Ball
1-0: Swinging Strike
1-1: Foul Ball, location: 2F
1-2: Strikes out swinging
Batting: RHB Ángel Ruezga 0-0: Ball
1-0: Ball
2-0: Ball
3-0: Base on Balls
Marvin von Seydlitz to second
Batting: RHB Bill Taylor 0-0: Ball
1-0: Ball
2-0: Ball
3-0: Called Strike
3-1: Swinging Strike
3-2: Base on Balls
Marvin von Seydlitz to third
Ángel Ruezga to second
Batting: LHB Alfonso López 0-0: Foul Ball, location: 2F
0-1: GRAND SLAM HOME RUN (Flyball, 78XD), Distance : 418 ft
Batting: RHB Eduardo Manuel 0-0: Ball
1-0: SINGLE (Groundball, 13S) (infield hit)
Pitching: RHP Jim Unknown
Batting: RHB José Mata 0-0: Swinging Strike
0-1: Ball
1-1: Ball
2-1: Ball
3-1: Ground out 5-3 (Groundball, 5L)
Bottom of the 8th over - 9 run(s), 7 hit(s), 0 error(s), 1 left on base; Lévis 4 - Rappahannock 16
TOP OF THE 9TH
Lévis Rocks batting - Pitching for Rappahannock Partisans : LHP Monte Conner
Now at 1B: Cipriano Oliveira
Batting: RHB Raúl Valadez 0-0: Ball
1-0: Ball
2-0: Ground out U3 (Groundball, 3S)
Pitching: LHP Jim Unknown
Batting: RHB Dan Holliday 0-0: Ball
1-0: Ball
2-0: Ground out 6-3 (Groundball, 6)
Batting: RHB Pedro Mendoza 0-0: Foul Ball, location: 2F
0-1: Called Strike
0-2: DOUBLE (Line Drive, 7LS)
Batting: RHB Jim Unknown 0-0: Ball
1-0: Ball
2-0: Fly out, F8 (Flyball, 8RM)
Top of the 9th over - 0 run(s), 1 hit(s), 0 error(s), 1 left on base; Lévis 4 - Rappahannock 16
This league is powered by Out of the Park Baseball, the baseball management simulation game for PC, Mac and Linux
Monday, May 4th, 2015 - OOTP Baseball 15.6 Build 34